 Dungeon Crawl Stone Soup version 0.24-a0-194-g9bee6eb (webtiles) character file.

Game seed: 10279433847293053375

1060 Djinn71 the Skirmisher (level 8, -2/51 HPs)
             Began as a Gargoyle Fighter on Mar 18, 2019.
             Was a Plaything of Xom.
             Slain by a sky beast (5 damage)
             ... on level 7 of the Dungeon.
             The game lasted 00:28:11 (4618 turns).

Djinn71 the Skirmisher (Gargoyle Fighter)           Turns: 4618, Time: 00:28:11

Health: -2/51      AC: 12    Str: 21      XL:     8   Next: 27%
Magic:  8/8        EV: 17    Int: 11      God:    Xom [*.....]
Gold:   297        SH:  0    Dex:  6 (11) Spells: 7/7 levels left

rFire    . . .     SeeInvis .   (weapon currently unavailable)
rCold    . . .     Gourm    .   (shield currently unavailable)
rNeg     + + +     Faith    .   (armour currently unavailable)
rPois    ∞         Spirit   .   (helmet currently unavailable)
rElec    .         Reflect  .   (cloak currently unavailable)
rCorr    .         Harm     .   (gloves currently unavailable)
MR       .....     Rnd*Tele +   (boots currently unavailable)
Stlth    +.........             s - amulet of the acrobat
HPRegen  0.17/turn              x - +3 ring of intelligence
MPRegen  0.11/turn              (no ring)

@: fungus-form
A: tiny, blink, negative energy resistance 1, teleportitis 1, petrification
resistance, rot immunity, AC +5
a: Blink, Renounce Religion


You were on level 7 of the Dungeon.
You worshipped Xom.
You were a special plaything of Xom.
You were not hungry.
You were a sentient fungus.
You visited 1 branch of the dungeon, and saw 7 of its levels.
You also visited: Sewer.

You collected 297 gold pieces.

Inventory:

Hand Weapons
 a - a +0 flail
 r - a +3 scythe of freezing (melded)
 y - a +0 eveningstar
Armour
 b - a +0 scale mail
 c - a +0 shield
 v - a +0 plate armour (melded)
 B - a +1 helmet (melded)
Jewellery
 s - an amulet of the acrobat (around neck)
 x - a +3 ring of intelligence (left hypha)
Wands
 o - a wand of random effects (14)
 q - a wand of flame (15)
Scrolls
 g - 3 scrolls of remove curse
 h - 7 scrolls of identify
 j - 2 scrolls of immolation
 l - 3 scrolls of fear
 n - a scroll of fog {unknown}
 z - 3 scrolls of teleportation
 A - a scroll of amnesia
 C - a scroll of enchant armour {unknown}
 D - a scroll of blinking {unknown}
Potions
 d - 4 potions of might
 e - 2 potions of haste {unknown}
 i - 2 potions of mutation
 k - a potion of berserk rage
 m - 2 potions of brilliance {unknown}
 p - 2 potions of heal wounds {unknown}
 t - 2 potions of degeneration {unknown}
 u - a potion of lignification {unknown}
 w - 2 potions of magic {unknown}
 E - a potion of resistance {unknown}
Comestibles
 f - 9 rations


   Skills:
 + Level 6.1 Fighting
 - Level 4.3 Maces & Flails
 * Level 4.6 Polearms
 + Level 4.6 Armour
 - Level 5.1 Shields


You had 7 spell levels left.
You didn't know any spells.
Your spell library contained the following spells:

 Spells                   Type           Power        Failure   Level  Hunger
 Beastly Appendage        Tmut           #.....       34%         1    ##.....
 Sticks to Snakes         Tmut           #.......     47%         2    ###....
 Spider Form              Tmut/Pois      #.........   71%         3    ####...
 Ice Form                 Ice/Tmut       #.......     98%         4    #####..
 Blade Hands              Tmut           #.........   100%        5    ######.


Dungeon Overview and Level Annotations

Branches:
Dungeon (7/15)
 Temple: D:4-7

Altars:
Ashenzari
Cheibriados
Dithmenos
Nemelex Xobeh
Ru
Sif Muna
Vehumet
Wu Jian
Xom


Innate Abilities, Weirdness & Mutations

You are resistant to torment.
((Your stone body is resilient. (AC +5)))
You are immune to poison.
You resist negative energy. (rN+)
((You are resistant to electric shocks. (rElec)))
((You can survive without breathing.))
You are immune to petrification.
You are immune to rotting.
((Your large and strong wings let you fly indefinitely.))
((Your skin changes colour to match your surroundings (Stealth+).))
You can translocate small distances at will.
((Armour fits poorly on your strangely shaped body.))
You are occasionally teleported next to monsters.


Message History

The kobold misses you.
You're too terrified to move while being watched!
The orc wizard completely misses you. The gnoll hits you with a +0 club.
* * * LOW HITPOINT WARNING * * *
You emit a cloud of colourful smoke!
The shadow imp misses you. Something misses you. The kobold misses you.
The orc wizard completely misses you. The big kobold completely misses you.
The kobold closely misses you.
It was a potion of mutation.
You feel extremely strange.
Your yellow scales disappear.
You feel clumsy.
You feel weirdly uncertain.
You feel jittery.
Xom roars with laughter!
Your body twists and deforms.
Your wings grow larger and stronger.
The shadow imp closely misses you. The gnoll hits you with a +0 club.
* * * LOW HITPOINT WARNING * * *
The orc wizard misses you. Something hits you.
* * * LOW HITPOINT WARNING * * *
Something shocks you.
You die...
Xom guffaws!

#...##### .###
#........ ...#
#.......##.#.# ###
#...###......# #..
.............#
#.#####....aoK.....#
#...o......#5gK....##
#<###.$...KoKfK......
#.# #.#....K{o§...##.
... #o#####.#.##.....
......o# #.#.. ....
.....##.# # #.# #..
#....###.# #.# .
#..... ... ..# #.#.##
#. ...


You could see a big kobold, a worker ant, an orc wizard, a gnoll, a shadow imp,
2 orcs and 5 kobolds.

Vanquished Creatures
  A slime creature (D:4)
  Sigmund (D:2)
  An ogre (D:4)
  An ice beast (D:6)
  An orc warrior (D:6)
  2 howler monkeys
  A bullfrog skeleton (D:5)
  3 hounds
  2 worker ants
  A hound skeleton (D:7)
  A worker ant zombie (D:5)
  9 adders
  5 river rats (Sewer)
  2 worms (D:5)
  4 dart slugs
  6 leopard geckos (D:6)
  4 orcs
  9 bats
  3 giant cockroaches
  7 goblins
  8 hobgoblins
  4 kobolds
  2 quokkas
  2 ball pythons (Sewer)
  9 frilled lizards
  A leopard gecko zombie (D:5)
  12 rats
102 creatures vanquished.

Notes
Turn   | Place    | Note
-------+----------+-------------------------------------------
     0 | D:1      | Djinn71 the Gargoyle Fighter began the quest for the Orb.
     0 | D:1      | Reached XP level 1. HP: 14/14 MP: 1/1
   217 | D:1      | Reached XP level 2. HP: 17/19 MP: 2/2
   463 | D:1      | Reached XP level 3. HP: 22/23 MP: 3/3
   854 | D:2      | Found a shimmering altar of Xom.
   860 | D:2      | Became a worshipper of Xom of Chaos
  1039 | D:2      | Noticed Sigmund
  1057 | D:2      | Killed Sigmund
  1057 | D:2      | Reached skill level 4 in Fighting
  1057 | D:2      | Reached XP level 4. HP: 6/30 MP: 4/4
  1057 | D:2      | Reached XP level 5. HP: 7/34 MP: 5/5
  1336 | D:2      | XOM: harmless Hex miscast
  1415 | D:2      | XOM: god gift: scroll labeled LUYS IR KASUOQIAKH {god gift}
  1436 | D:2      | XOM: god gift: blue potion {god gift}
  1741 | D:3      | Reached XP level 6. HP: 38/39 MP: 6/6
  1829 | D:3      | Found a shadowy altar of Dithmenos.
  1849 | D:3      | XOM: cloud trail
  1863 | D:3      | Found a sparkling altar of Nemelex Xobeh.
  2135 | D:3      | Found a shattered altar of Ashenzari.
  2165 | D:3      | Found a sacrificial altar of Ru.
  2165 | D:3      | XOM: give mutations
  2165 | D:3      | Gained mutation: You are partially covered in yellow
                  | scales. (AC +2) [Xom's grace]
  2165 | D:3      | Gained mutation: You are agile. (Dex +2) [Xom's grace]
  2165 | D:3      | Gained mutation: Your skin changes colour to match your
                  | surroundings (Stealth+). [Xom's grace]
  2236 | D:3      | Found an ornate altar of the Wu Jian Council.
  2313 | D:4      | Reached skill level 1 in Polearms
  2358 | D:4      | XOM: god gift: eveningstar {god gift}
  2518 | D:4      | XOM: cloud trail
  2547 | D:4      | Found a transporter.
  2549 | D:4      | Found a transporter.
  2557 | D:4      | Noticed a slime creature
  2557 | D:4      | Found a radiant altar of Vehumet.
  2558 | D:4      | XOM: confuse monster(s)
  2561 | D:4      | XOM: fog
  2562 | D:4      | XOM: summons friendly shadow imp
  2565 | D:4      | Killed a slime creature
  2565 | D:4      | Reached skill level 5 in Fighting
  2565 | D:4      | Reached skill level 5 in Shields
  2565 | D:4      | Reached XP level 7. HP: 32/44 MP: 7/7
  2609 | D:4      | XOM: mild Conj miscast
  2842 | D:5      | Entered Level 5 of the Dungeon
  2854 | D:5      | Found a deep blue altar of Sif Muna.
  2887 | D:5      | XOM: fog
  2902 | D:5      | Found a snail-covered altar of Cheibriados.
  2927 | D:5      | XOM: god gift: scroll of fear
  2935 | D:5      | Found a snail-covered altar of Cheibriados.
  3030 | D:5      | You fall through a shaft for 2 floors!
  3055 | D:7      | XOM: confuse monster(s)
  3077 | D:6      | XOM: potion effect (invisibility)
  3092 | D:6      | XOM: harmless Pois miscast
  3197 | D:6      | XOM: divination: magic mapping
  3276 | D:6      | Found a glowing drain.
  3278 | D:6      | XOM: smoke on damage
  3339 | Sewer    | Entered a sewer
  3605 | Sewer    | Reached XP level 8. HP: 44/51 MP: 8/8
  3620 | Sewer    | XOM: divination: detect items
  3656 | Sewer    | XOM: 4-stop teleportation journey
  4012 | D:6      | Reached skill level 6 in Fighting
  4053 | D:6      | XOM: 2-stop teleportation journey
  4215 | D:6      | XOM: summons 4 hostile demons
  4400 | D:6      | XOM: torment (41/51 hp)
  4487 | D:6      | XOM: summons 4 hostile demons
  4589 | D:7      | XOM: blink monster(s)
  4596 | D:7      | XOM: confusion
  4607 | D:7      | XOM: enchant monster (bad)
  4617 | D:7      | XOM: smoke on damage
  4618 | D:7      | Lost mutation: You are partially covered in yellow scales.
                  | (AC +2) [potion of mutation]
  4618 | D:7      | Lost mutation: You are agile. (Dex +2) [potion of mutation]
  4618 | D:7      | Gained mutation: You are occasionally teleported next to
                  | monsters. [potion of mutation]
  4618 | D:7      | Gained mutation: You can translocate small distances at
                  | will. [potion of mutation]
  4618 | D:7      | Gained mutation: Armour fits poorly on your strangely
                  | shaped body. [potion of mutation]
  4618 | D:7      | Gained mutation: Your large and strong wings let you fly
                  | indefinitely. [potion of mutation]
  4618 | D:7      | Slain by a sky beast

Levels and vault maps discovered:
D:1:      minmay_arrival_hallway, layout_loops_ring
D:2:      wad_pebble_path, layout_basic, xom_butterflies, first_ration,
          uniq_sigmund
D:3:      layout_loops_ring, nicolae_dithmenos_shadow_blocks,
          cheibrodos_ashenzari_chains, marbit_many_paths,
          nemelex_xobeh_ov_fountains_minmay, nicolae_ru_the_path_less_chosen
D:4:      layout_loops_ring, gammafunk_temple_overflow_arena
D:5:      layout_basic, overflow_temple_1_default,
          nicolae_overflow_crystal_walls, slow_altar_1, lemuel_crystal_altar,
          basic_altar
D:6:      layout_loops_cross, gup_sewer_entry_pipe,
          chequers_serial_rivers_large_a
D:7:      layout_loops_ring, minmay_temple_entry_fiery, serial_shops,
          kennysheep_mini
Sewer:    sewer_co_cracked_pipes

Skill      XL: |  1  2  3  4  5  6  7  8 |
---------------+-------------------------+-----
Maces & Flails | 4 |  4.3
Fighting       | 4 5 6 |  6.1
Shields        | 4 5 |  5.1
Polearms       | 2 4 |  4.6
Armour         | 4 |  4.6

Action                   |  1- 3 |  4- 6 |  7- 9 || total
-------------------------+-------+-------+-------++-------
Melee: Flail             |   108 |       |       ||   108
       Scythe            |       |    77 |   205 ||   282
       Unarmed           |       |       |     3 ||     3
Evoke: Wand              |     9 |     1 |       ||    10
  Use: Scroll            |       |     6 |     3 ||     9
       Potion            |       |     2 |     1 ||     3
 Stab: Confused          |       |     1 |     1 ||     2
       Invisible         |       |       |     2 ||     2
  Eat: Ration            |       |     2 |     1 ||     3
       Chunk             |       |       |     4 ||     4
Armor: Scale mail        |    72 |    33 |       ||   105
       Plate armour      |       |    48 |   368 ||   416
       Skin              |       |       |   116 ||   116
Dodge: Dodged            |    51 |    36 |   193 ||   280
Block: Shield            |    75 |       |       ||    75

Table legend:
 A = Non-vault XP
 B = Vault XP
 C = Vault XP percentage of total XP
 D = Non-vault monster count
 E = Vault monster count
 F = Vault count percentage of total count
                 A         B        C        D         E       F
            +---------+---------+-------+---------+---------+-------
      Total |     825 |     690 |  45.5 |      68 |      34 |  33.3
            +---------+---------+-------+---------+---------+-------
        D:1 |      38 |       0 |   0.0 |      20 |       0 |   0.0
        D:2 |      48 |     223 |  82.3 |      14 |       1 |   6.7
        D:3 |      43 |       2 |   4.4 |      10 |       1 |   9.1
        D:4 |      74 |     357 |  82.8 |       3 |       3 |  50.0
        D:5 |     154 |       5 |   3.1 |       7 |       1 |  12.5
        D:6 |     446 |      20 |   4.3 |      12 |       7 |  36.8
        D:7 |      22 |       0 |   0.0 |       2 |       0 |   0.0
      Sewer |       0 |      83 | 100.0 |       0 |      21 | 100.0
            +---------+---------+-------+---------+---------+-------
